Map: Magannatha LE

Players

ManlyManMeat - Winner!

  • Race: Terran Terran
  • League: Master
  • Spawn Location: 11:00

VOD

Have the link to the VOD?

Description

Time

  • Played on: May 19, 2025, 10:01 a.m.
  • Length: 4:29
Show
View Real Time Build Order
Export as new Build Order

ManlyManMeat Terran - Winner!

Build Orders: Reaper Expand 

Get SALT Encoding   

  12  0:03  SCV  
  12  0:15  SCV  
  12  0:18  Supply Depot  
  12  0:27  SCV  
  12  0:39  SCV  
  12  0:40  Barracks  
  12  0:45  Refinery  
  12  0:52  SCV  
  12  1:11  SCV  
  12  1:30  Reaper  
  12  1:32  Orbital Command  
  12  1:40  Command Center  
  12  2:01  SCV, Supply Depot  
  12  2:02  Marine  
  12  2:13  SCV  
  12  2:16  Factory  
  12  2:25  SCV  
  12  2:33  Barracks Reactor  
  12  2:37  SCV  
  12  2:49  SCV  
  12  2:51  Command Center  
  12  2:55  Orbital Command  
  12  3:05  SCV  
  12  3:18  Barracks  
  12  3:25  SCV x2  
  12  3:37  SCV x2  
  12  3:38  Barracks Tech Lab  
  12  3:40  Hellion x2  
  12  4:18  Barracks Reactor  
  12  4:26  Starport  
  12  4:28  Factory Reactor  
Tags
 
Add a new tag
Caveats
  • Supply blocks, unpowered buildings, or Contaminate may cause inaccurate times.
  • Supply counts are checked every 10 seconds.